 Dungeon Sprint DCSS version 0.31-a0-1084-gb392501acf (webtiles) character file.

Game seed: 14441267976295441287

8200000 CrazyBamboolord the Intangible (level 27, -30/228 HPs)
             Began as a Djinni Air Elementalist on Nov 28, 2023.
             Was the Champion of Makhleb.
             Annihilated by a sculptor of flesh
             ... wielding a +9 great sword
              (222 damage)
             ... in the Dungeon (Sprint VIII: "Arena of Blood").
             The game lasted 00:07:44 (82 turns).

CrazyBamboolord the Intangible (DjAE)                 Turns: 82, Time: 00:07:44

Health: -30/228    AC:  4    Str:  7    XL:     27
Gold:   0          EV: 29    Int: 28    God:    Makhleb [******] SH:  0 Dex: 17

rFire   + + .        g - +∞ Axe of Woe
rCold   x . .        (shield currently unavailable)
rNeg    . . .        a - +0 robe
rPois   ∞            (no helmet)
rElec   .            (no cloak)
rCorr   .            (no gloves)
SInv    .            (boots unavailable)
Will    ++...        (no amulet)
Stlth   ++++++++++   (no ring)
HPRegen 0.58/turn    (no ring)
MPRegen 0.00/turn

%: no teleportation, infuse magic (-31 HP)
@: calling dragons, flying
A: sickness immunity, fire resistance 2, cold vulnerability 1, float, innate
caster, HP casting, extra vitality 1
a: Renounce Religion, Minor Destruction, Lesser Servant of Makhleb, Major
Destruction, Greater Servant of Makhleb


You were in the Dungeon.
You worshipped Makhleb.
Makhleb was exalted by your worship.
You visited 1 branch

Inventory:

Hand Weapons
 g - the +∞ Axe of Woe (weapon)
   (You found it in the Dungeon)
Armour
 a - a +0 robe (worn)
Scrolls
 f - a scroll of blinking
Potions
 b - a potion of curing
 c - a potion of heal wounds
 d - a potion of haste
 e - a potion of berserk rage


   Skills:
 O Level 27 Fighting
 O Level 27 Short Blades
 O Level 27 Long Blades
 O Level 27 Axes
 O Level 27 Maces & Flails
 O Level 27 Polearms
 O Level 27 Staves
 O Level 27 Ranged Weapons
 O Level 27 Throwing
 O Level 27 Armour
 O Level 27 Dodging
 O Level 27 Stealth
 O Level 27 Shields
 O Level 27 Unarmed Combat
 O Level 27 Spellcasting
 O Level 27 Conjurations
 O Level 27 Hexes
   Level 0.0 Charms
 O Level 27 Summonings
 O Level 27 Necromancy
 O Level 27 Translocations
 O Level 27 Transmutations
 O Level 27 Fire Magic
 O Level 27 Ice Magic
 O Level 27 Air Magic
 O Level 27 Earth Magic
 O Level 27 Poison Magic
 O Level 27 Invocations
 O Level 27 Evocations
 O Level 27 Shapeshifting


You knew the following spells:

 Your Spells              Type           Power      Damage    Failure   Level
a - Shock                 Conj/Air       100%       1d9       0%          1
b - Static Discharge      Conj/Air       100%       3-8/arc   0%          2
c - Swiftness             Air            100%       N/A       0%          3
d - Airstrike             Air            56%        2d(8-24)  0%          4
e - Apportation           Tloc           100%       N/A       0%          1
f - Poisonous Vapours     Pois/Air       100%       N/A       0%          2
g - Confusing Touch       Hex            100%       N/A       0%          3
h - Flame Wave            Conj/Fire      100%       2d21      0%          4
i - Dispel Undead         Necr           100%       3d31      0%          4
j - Summon Forest         Summ/Tloc      56%        N/A       0%          5
k - Bombard               Conj/Erth      56%        9d9       0%          6
l - Dispersal             Tloc           56%        N/A       0%          6
m - Ozocubu's Refrigerat  Ice            56%        4d19      0%          7
n - Lehudib's Crystal Sp  Conj/Erth      56%        10d13     1%          8
o - Haunt                 Necr/Summ      56%        N/A       0%          7
p - Fire Storm            Conj/Fire      56%        8d14      1%          9
q - Dragon's Call         Summ           56%        N/A       1%          9
Your spell library was empty.

Dungeon Overview and Level Annotations

Branches:
Dungeon (1/1)

Altars:
Makhleb

Annotations:
D The Servant


Innate Abilities, Weirdness & Mutations

You are immune to sickness and miasma.
You are immune to poison.
Your flesh is very heat resistant. (rF++)
You are vulnerable to cold. (rC-)
You float through the air rather than walking.
You learn spells naturally, not from books.
Your magical power is your life essence.
You have superior vitality. (+4 MHP)


Message History

The destroyer gestures at you while chanting.
The destroyer blinks!
The destroyer points at you and mumbles some strange words.
The destroyer blinks!
The meat berserker is engulfed in blazing flames.
The meat berserker hits you with a +9 battleaxe!!!!
Unknown command.
You slash the dread!
You dissect the dread like a pig carcass.
You destroy the dread!
Makhleb accepts your kill.
You feel better.
You slice the bag of meat!!
You hew the bag of meat violently.
You kill the bag of meat!
Makhleb accepts your kill.
You feel better.
You slice the bag of meat!!
You dissect the bag of meat like a pig carcass.
You kill the bag of meat!
Makhleb accepts your kill.
You hit the meat berserker.
You dissect the meat berserker like a pig carcass.
You kill the meat berserker!
Makhleb accepts your kill.
You feel better.
You are engulfed in blazing flames.
You resist.
The meat beast is engulfed in blazing flames.
The meat beast bellows, "Get thee hence, thou villainous spleeny mammet!"
The meat berserker is engulfed in blazing flames.
The meat berserker rages.
Your golden dragon misses the meat beast.
Your golden dragon claws the meat beast!
Your golden dragon barely misses the meat beast.
The meat beast is engulfed in blazing flames.
The meat beast bites you!! The meat beast tramples you!
You are shoved backwards!
A meat berserker and 2 bags of meat come into view.
The destroyer casts a spell at you.
The destroyer blinks!
The sculptor of flesh is engulfed in blazing flames.
The sculptor of flesh hits you with a +9 great sword!!!!!
Ouch! That really hurt!
You die...

........#.#....
...............o
.)..............
#..o....)..§....
....oo......V..
o.D2L§o........
#V.)☼)@§#
#§ooO)).#
...###oO@2§§o###.
...oo.Oz###OOVX..
#.DMo2O.._..O.XX.
......#.)O..#ooX.
.o.oOo#_.<._#.zL.


..ooo #...o.# §O. #L{z2...._......o .oO.....###o...z. ...###... ..###. You could
see an accursed (ally target), 2 tentacled monstrosities, 3 meat beasts, 2
tyrants, The Servant, 3 destroyers, 2 sculptors of flesh, a large bag of meat, 2
large abominations, 7 meat berserkers, 18 bags of meat and 2 friendly golden
dragons.

Vanquished Creatures
  Sigmund (D)
  8 hell beasts (D)
  A royal mummy (D)
  2 wraiths (D)
  21 vampire knights (D)
  48 ogres (D)
  11 two-headed ogres (D)
  4 liches (D)
  2 hydras (D)
  88 orcs (D)
  4 skeletal warriors (D)
190 creatures vanquished.

Vanquished Creatures (others)
  2 two-headed ogres (D)
  An orc (D)
3 creatures vanquished.

Grand Total: 193 creatures vanquished

Notes
Turn   | Place    | Note
-------+----------+-------------------------------------------
     0 | D        | Found the +∞ Axe of Woe
     0 | D        | CrazyBamboolord the Djinni Air Elementalist began the quest
                  | for the Orb.
     0 | D        | CrazyBamboolord set off with the following spells
                  | memorised: Shock, Static Discharge, Swiftness, Airstrike.
     0 | D        | Reached XP level 1. HP: 15/15 MP: 0/0
     0 | D        | Noticed a meat berserker
     2 | D        | Noticed a meat berserker
     2 | D        | Noticed a bag of meat
     4 | D        | Became a worshipper of Makhleb the Destroyer
     4 | D        | Noticed a bag of meat
     5 | D        | Noticed a meat berserker
     5 | D        | Noticed a bag of meat
     6 | D        | Killed a meat berserker
     6 | D        | Killed a meat berserker
     6 | D        | Reached * piety under Makhleb
     6 | D        | Noticed a bag of meat
     6 | D        | Noticed a bag of meat
     7 | D        | Reached XP level 2. HP: 46/46 MP: 0/0
     7 | D        | Reached XP level 3. HP: 51/51 MP: 0/0
     7 | D        | Learned a level 1 spell: Apportation
     7 | D        | Reached XP level 4. HP: 58/58 MP: 0/0
     7 | D        | Reached XP level 5. HP: 64/64 MP: 0/0
     7 | D        | Learned a level 2 spell: Poisonous Vapours
     7 | D        | Reached XP level 6. HP: 70/70 MP: 0/0
     7 | D        | Reached XP level 7. HP: 76/76 MP: 0/0
     7 | D        | Learned a level 3 spell: Confusing Touch
     7 | D        | Reached XP level 8. HP: 82/82 MP: 0/0
     7 | D        | Reached XP level 9. HP: 88/88 MP: 0/0
     7 | D        | Learned a level 4 spell: Flame Wave
     7 | D        | Reached XP level 10. HP: 94/94 MP: 0/0
     7 | D        | Reached XP level 11. HP: 100/100 MP: 0/0
     7 | D        | Learned a level 4 spell: Dispel Undead
     7 | D        | Reached XP level 12. HP: 106/106 MP: 0/0
     7 | D        | Reached XP level 13. HP: 112/112 MP: 0/0
     7 | D        | Learned a level 5 spell: Summon Forest
     7 | D        | Noticed a bag of meat
     8 | D        | Noticed a meat berserker
     8 | D        | Noticed a meat berserker
     9 | D        | Noticed a bag of meat
     9 | D        | Noticed a bag of meat
     9 | D        | Noticed a bag of meat
     9 | D        | Noticed a bag of meat
    10 | D        | Killed a meat berserker
    10 | D        | Noticed a bag of meat
    10 | D        | Noticed a bag of meat
    10 | D        | Noticed a bag of meat
    10 | D        | Noticed a bag of meat
    10 | D        | Noticed a bag of meat
    11 | D        | Reached XP level 14. HP: 123/123 MP: 0/0
    11 | D        | Killed a bag of meat
    12 | D        | Killed a bag of meat
    12 | D        | Reached ** piety under Makhleb
    12 | D        | Killed a meat berserker
    12 | D        | Noticed a meat berserker
    12 | D        | Noticed a meat berserker
    12 | D        | Noticed a bag of meat
    12 | D        | Noticed a bag of meat
    13 | D        | Reached XP level 15. HP: 135/135 MP: 0/0
    13 | D        | Learned a level 6 spell: Bombard
    13 | D        | Killed a meat berserker
    14 | D        | Reached XP level 16. HP: 143/143 MP: 0/0
    14 | D        | Noticed a meat berserker
    14 | D        | Reached *** piety under Makhleb
    15 | D        | Noticed a meat berserker
    16 | D        | Killed a meat berserker
    16 | D        | Reached **** piety under Makhleb
    16 | D        | Noticed a meat berserker
    16 | D        | Noticed a meat berserker
    17 | D        | Reached skill level 27 in Dodging
    17 | D        | Reached XP level 17. HP: 157/157 MP: 0/0
    17 | D        | Learned a level 6 spell: Dispersal
    17 | D        | Killed a meat berserker
    17 | D        | Noticed a meat berserker
    18 | D        | Reached skill level 27 in Fighting
    18 | D        | Reached skill level 27 in Invocations
    18 | D        | Reached XP level 18. HP: 139/167 MP: 0/0
    18 | D        | Noticed a meat berserker
    18 | D        | Killed a meat berserker
    18 | D        | Reached ***** piety under Makhleb
    18 | D        | Noticed a meat berserker
    19 | D        | Noticed a large bag of meat
    19 | D        | Killed a meat berserker
    19 | D        | Noticed a meat berserker
    20 | D        | Reached skill level 10 in Armour
    20 | D        | Reached XP level 19. HP: 174/174 MP: 0/0
    20 | D        | Learned a level 7 spell: Ozocubu's Refrigeration
    20 | D        | Noticed a large bag of meat
    20 | D        | Noticed a meat berserker
    21 | D        | Killed a large bag of meat
    21 | D        | Reached ****** piety under Makhleb
    21 | D        | Noticed a destroyer
    22 | D        | Reached XP level 20. HP: 165/181 MP: 0/0
    22 | D        | Killed a meat berserker
    23 | D        | Reached skill level 27 in Spellcasting
    23 | D        | Reached skill level 27 in Conjurations
    23 | D        | Reached skill level 27 in Hexes
    23 | D        | Reached skill level 27 in Summonings
    23 | D        | Reached skill level 27 in Necromancy
    23 | D        | Reached skill level 27 in Translocations
    23 | D        | Reached skill level 27 in Transmutations
    23 | D        | Reached skill level 27 in Fire Magic
    23 | D        | Reached skill level 27 in Ice Magic
    23 | D        | Reached skill level 27 in Air Magic
    23 | D        | Reached skill level 27 in Earth Magic
    23 | D        | Reached skill level 27 in Poison Magic
    23 | D        | Killed a meat berserker
    24 | D        | Reached skill level 27 in Armour
    24 | D        | Reached XP level 21. HP: 186/187 MP: 0/0
    24 | D        | Learned a level 8 spell: Lehudib's Crystal Spear
    24 | D        | Killed a destroyer
    24 | D        | Killed a meat berserker
    24 | D        | Noticed a large bag of meat
    25 | D        | Killed a meat berserker
    25 | D        | Killed a meat berserker
    26 | D        | Reached skill level 27 in Stealth
    26 | D        | Reached skill level 27 in Axes
    26 | D        | Reached XP level 22. HP: 190/194 MP: 0/0
    26 | D        | Noticed a meat berserker
    26 | D        | Noticed a destroyer
    26 | D        | Noticed a large bag of meat
    27 | D        | Noticed a destroyer
    27 | D        | Noticed a meat berserker
    28 | D        | Noticed a destroyer
    28 | D        | Noticed an eight-headed meat hydra
    29 | D        | Killed a destroyer
    30 | D        | Killed a destroyer
    30 | D        | Noticed a meat berserker
    31 | D        | Reached skill level 27 in Unarmed Combat
    31 | D        | Reached XP level 23. HP: 100/201 MP: 0/0
    31 | D        | Learned a level 7 spell: Haunt
    31 | D        | Noticed a large bag of meat
    31 | D        | Noticed a destroyer
    31 | D        | Killed a large bag of meat
    31 | D        | Noticed a destroyer
    33 | D        | Noticed a large bag of meat
    33 | D        | Noticed a large bag of meat
    34 | D        | Killed a destroyer
    34 | D        | Killed a large bag of meat
    35 | D        | Reached skill level 10 in Short Blades
    35 | D        | Reached skill level 10 in Long Blades
    35 | D        | Reached skill level 10 in Staves
    35 | D        | Noticed a destroyer
    37 | D        | Reached skill level 10 in Maces & Flails
    37 | D        | Reached skill level 10 in Polearms
    37 | D        | Reached skill level 10 in Ranged Weapons
    37 | D        | Reached skill level 10 in Throwing
    37 | D        | Reached skill level 10 in Shapeshifting
    37 | D        | Reached XP level 24. HP: 172/208 MP: 0/0
    37 | D        | Killed a destroyer
    37 | D        | Killed a large bag of meat
    39 | D        | Killed a large bag of meat
    39 | D        | Noticed a destroyer
    39 | D        | Noticed a destroyer
    40 | D        | Killed a large bag of meat
    40 | D        | Noticed a large bag of meat
    43 | D        | Noticed a destroyer
    43 | D        | Killed a large bag of meat
    43 | D        | Noticed a destroyer
    43 | D        | Noticed a destroyer
    44 | D        | Killed a destroyer
    44 | D        | Killed a destroyer
    44 | D        | Noticed a destroyer
    44 | D        | Noticed a destroyer
    44 | D        | Noticed a destroyer
    45 | D        | Reached XP level 25. HP: 214/214 MP: 0/0
    45 | D        | Learned a level 9 spell: Fire Storm
    46 | D        | Reached skill level 15 in Short Blades
    46 | D        | Reached skill level 15 in Long Blades
    46 | D        | Reached skill level 15 in Staves
    47 | D        | Noticed a tyrant
    47 | D        | Noticed an accursed
    48 | D        | Killed a destroyer
    48 | D        | Killed a destroyer
    49 | D        | Killed a large bag of meat
    50 | D        | Noticed a tyrant
    50 | D        | Killed a destroyer
    50 | D        | Killed a destroyer
    51 | D        | Reached XP level 26. HP: 205/221 MP: 0/0
    51 | D        | Killed a destroyer
    52 | D        | Killed a destroyer
    52 | D        | Killed a destroyer
    53 | D        | Reached XP level 27. HP: 194/228 MP: 0/0
    53 | D        | Learned a level 9 spell: Dragon's Call
    53 | D        | Noticed a tyrant
    54 | D        | Killed a large bag of meat
    54 | D        | Killed a destroyer
    56 | D        | Killed a tyrant
    56 | D        | Noticed a destroyer
    57 | D        | Noticed a large bag of meat
    58 | D        | Noticed a destroyer
    58 | D        | Noticed a large bag of meat
    59 | D        | Killed a tyrant
    60 | D        | Killed a destroyer
    61 | D        | Reached skill level 27 in Shields
    61 | D        | Reached skill level 27 in Evocations
    61 | D        | Noticed a meat beast
    61 | D        | Noticed a large bag of meat
    61 | D        | Noticed The Captor
    62 | D        | Noticed a destroyer
    63 | D        | Noticed a destroyer
    63 | D        | Noticed The Servant
    64 | D        | Noticed a dread
    64 | D        | Killed a destroyer
    64 | D        | Noticed a meat beast
    64 | D        | Noticed a large bag of meat
    64 | D        | Noticed a destroyer
    65 | D        | Reached skill level 27 in Short Blades
    65 | D        | Reached skill level 27 in Long Blades
    65 | D        | Reached skill level 27 in Staves
    65 | D        | Noticed a meat beast
    65 | D        | Killed a destroyer
    66 | D        | Killed a large bag of meat
    66 | D        | Noticed a dread
    67 | D        | Reached skill level 27 in Maces & Flails
    67 | D        | Reached skill level 27 in Polearms
    67 | D        | Reached skill level 27 in Ranged Weapons
    67 | D        | Reached skill level 27 in Throwing
    67 | D        | Reached skill level 27 in Shapeshifting
    67 | D        | Killed an accursed
    68 | D        | Noticed a meat beast
    68 | D        | Killed a destroyer
    68 | D        | Noticed a meat beast
    68 | D        | Noticed a large bag of meat
    69 | D        | Killed a large bag of meat
    69 | D        | Killed a meat beast
    69 | D        | Noticed a meat beast
    69 | D        | Noticed a tyrant
    69 | D        | Noticed a meat beast
    70 | D        | Killed a tyrant
    70 | D        | Noticed a destroyer
    71 | D        | Noticed a meat beast
    72 | D        | Killed a meat beast
    72 | D        | Noticed a destroyer
    73 | D        | Killed a tyrant
    73 | D        | Killed a meat beast
    74 | D        | Killed The Captor
    74 | D        | Killed a meat beast
    75 | D        | Killed a meat beast
    75 | D        | Killed a large bag of meat
    75 | D        | Noticed a destroyer
    76 | D        | Killed a meat beast
    76 | D        | Killed a meat beast
    77 | D        | Killed a dread
    78 | D        | Noticed a meat beast
    78 | D        | Killed a meat beast
    79 | D        | Noticed a meat beast
    79 | D        | Noticed a tyrant
    79 | D        | Noticed an accursed
    79 | D        | Noticed a tyrant
    80 | D        | Noticed a meat beast
    80 | D        | Killed a destroyer
    80 | D        | Killed a large bag of meat
    80 | D        | Noticed a tyrant
    80 | D        | Noticed a destroyer
    81 | D        | Noticed a meat beast
    81 | D        | Killed a destroyer
    82 | D        | Killed a dread
    82 | D        | Annihilated by a sculptor of flesh

Illustrated notes

Levels and vault maps discovered:
D:        meatsprint

Skill      XL: |  1  2  3  4  5  6  7  8  9 10 11 12 13 14 15 16 17 18 19 20 21 22 23 24 25 26 27 |
---------------+----------------------------------------------------------------------------------+-----
Spellcasting   | 11 21 26 27 | 27.0
Conjurations   | 11 21 26 27 | 27.0
Hexes          | 11 21 26 27 | 27.0
Summonings     | 11 21 26 27 | 27.0
Necromancy     | 11 21 26 27 | 27.0
Translocations | 11 21 26 27 | 27.0
Transmutations | 11 21 26 27 | 27.0
Fire Magic     | 11 21 26 27 | 27.0
Ice Magic      | 11 21 26 27 | 27.0
Air Magic      | 11 21 26 27 | 27.0
Earth Magic    | 11 21 26 27 | 27.0
Poison Magic   | 11 21 26 27 | 27.0
Fighting       | 17 19 21 22 26 27 | 27.0
Axes           | 14 16 18 19 22 24 27 | 27.0
Dodging        | 19 20 23 24 27 | 27.0
Invocations    | 17 19 21 22 26 27 | 27.0
Armour         | 10 19 27 | 27.0
Stealth        | 12 27 | 27.0
Unarmed Combat | 21 27 | 27.0
Short Blades   | 4 11 14 18 21 27 | 27.0
Long Blades    | 4 11 14 18 21 27 | 27.0
Maces & Flails | 4 10 13 17 19 27 | 27.0
Polearms       | 4 10 13 17 19 27 | 27.0
Staves         | 4 11 14 18 21 27 | 27.0
Ranged Weapons | 4 10 13 17 19 27 | 27.0
Throwing       | 4 10 13 17 19 27 | 27.0
Shields        | 4 12 16 20 23 27 | 27.0
Evocations     | 4 12 16 20 23 27 | 27.0
Shapeshifting  | 4 10 13 17 19 27 | 27.0

Action                     |  1- 3 |  4- 6 |  7- 9 | 10-12 | 13-15 | 16-18 | 19-21 | 22-24 | 25-27 || total
---------------------------+-------+-------+-------+-------+-------+-------+-------+-------+-------++-------
  Melee: Executioner's axe |     1 |       |       |       |     4 |     6 |     6 |    16 |    36 ||    69
   Cast: Dispersal         |       |       |       |       |       |       |       |     2 |     1 ||     3
         Dragon's Call     |       |       |       |       |       |       |       |       |     1 ||     1
 Invoke: Greater Servant o |       |       |       |       |       |       |       |     1 |       ||     1
 Armour: Robe              |       |       |       |       |       |     1 |     6 |    21 |    49 ||    77
  Dodge: Dodged            |       |       |       |       |     1 |       |       |       |       ||     1

Table legend: (Time is in decaauts)
 A = Elapsed time spent in this place.
 B = Non-inter-level travel time spent in this place.
 C = Inter-level travel time spent in this place.
 D = Time resting spent in this place.
 E = Time spent auto-exploring this place.
 F = Levels seen in this place.
 G = Mean time per level.
                   A        B        C        D        E       F      G
               +--------+--------+--------+--------+--------+-----+--------+
         Total |     64 |     64 |      0 |      0 |      0 |   1 |   64.0 |
       Dungeon |     64 |     64 |      0 |      0 |      0 |   1 |   64.0 |
               +--------+--------+--------+--------+--------+-----+--------+

Top non-repeatable levels by time:
       D: 64 daAuts
